 Dungeon Crawl Stone Soup version 0.29.1-15-g9cfb28693d (webtiles) character file.

Game seed: 7902230743336821619

30754 cls the Severer (level 13, -36/118 HPs)
             Began as a Minotaur Berserker on Apr 26, 2023.
             Was a Follower of Trog.
             Annihilated by an enormous slime creature (47 damage)
             ... while paralysed by a great orb of eyes
             ... on level 2 of the Pits of Slime on Apr 28, 2023.
             The game lasted 02:49:19 (15593 turns).

cls the Severer (Minotaur Berserker)               Turns: 15593, Time: 02:49:20

Health: -36/118    AC: 18    Str: 31    XL:     13   Next: 22%
Magic:  12/12      EV:  2    Int:  4    God:    Trog [*.....]
Gold:   644        SH:  0    Dex: 20    Spells: 12/12 levels left

rFire   + + .      SeeInvis +   l - +6 war axe of Roups {vorpal, rF+ rC+ Dex+2 SInv}
rCold   + . .      Faith    .   h - +0 buckler
rNeg    + . .      Spirit   .   n - +5 scale mail {rN+}
rPois   .          Reflect  .   (helmet restricted)
rElec   .          Harm     .   (no cloak)
rCorr   .          Rampage  .   m - +0 pair of gloves
Will    .....                   H - +1 pair of boots
Stlth   ..........              S - amulet of the acrobat
HPRegen 0.29/turn               X - +6 ring of strength
MPRegen 0.13/turn               U - +6 ring of dexterity

@: confused, paralysed, on berserk cooldown, slowed
A: horns 2, retaliatory headbutt, fire resistance 1, screaming 1
a: Renounce Religion, Berserk


You were on level 2 of the Pits of Slime.
You worshipped Trog.
Trog was aware of your devotion.
You visited 3 branches of the dungeon, and saw 16 of its levels.

You collected 756 gold pieces.
You spent 112 gold pieces at shops.

Inventory:

Hand Weapons
 a - a +3 hand axe
 f - a +3 dire flail
 i - a +3 dagger of freezing
 k - the +4 spear of Joloss {pain, Will+ Str+3 Int+3 Dex+2}
   (You found it on level 5 of the Dungeon)

   In the hands of one skilled in necromantic magic, it inflicts extra damage on
   living creatures.
   Str:       It affects your strength (+3).
   Int:       It affects your intelligence (+3).
   Dex:       It affects your dexterity (+2).
   Will:      It increases your willpower.
   Trog disapproves of the use of such an item.
 l - the +6 war axe of Roups (weapon) {vorpal, rF+ rC+ Dex+2 SInv}
   (You found it on level 2 of the Lair of Beasts)

   It inflicts extra damage upon your enemies.
   Dex:       It affects your dexterity (+2).
   rF:        It protects you from fire.
   rC:        It protects you from cold.
   SInv:      It lets you see invisible.
 r - the +14 obsidian axe {vorpal, Mesm Drain Fly SInv}
   (You found it on level 8 of the Dungeon)

   It inflicts extra damage upon your enemies.
   It occasionally summons demons to assist the wielder when it strikes in
   combat.
   Its wielder is mesmerised by any visible foes.
   It cannot be unequipped while any foes are visible.
   SInv:      It lets you see invisible.
   Fly:       It grants you flight.
   Drain:     It drains your maximum health when unequipped.
 A - a +2 broad axe of freezing
 B - a +3 quarterstaff of speed
 G - a +2 trident of freezing
 T - a +1 sling of freezing
 Y - a +4 great sword
Missiles
 e - 118 stones
 J - 4 boomerangs
 K - 2 poisoned darts
Armour
 h - a +0 buckler (worn)
 m - a +0 pair of gloves (worn)
 n - a +5 scale mail of positive energy (worn)
 p - a +0 plate armour
 z - a +0 chain mail of poison resistance
 C - +0 acid dragon scales
 F - a +1 leather armour of poison resistance
 H - a +1 pair of boots (worn)
Magical Staves
 w - a staff of poison
Jewellery
 s - a ring of wizardry
 N - a ring of fire
 S - an amulet of the acrobat (around neck)
 U - a +6 ring of dexterity (right hand)
 X - a +6 ring of strength (left hand)
 Z - an amulet of regeneration
Wands
 y - a wand of iceblast (1)
 D - a wand of polymorph (11)
 M - a wand of charming (4)
Scrolls
 c - 2 scrolls of immolation
 d - 3 scrolls of brand weapon
 j - 5 scrolls of vulnerability
 x - 2 scrolls of torment
 E - a scroll of blinking
 O - 2 scrolls of fear
 W - 6 scrolls of teleportation
Potions
 q - 2 potions of curing
 t - 2 potions of haste
 u - 2 potions of brilliance
 v - a potion of flight
 L - 2 potions of mutation
 P - a potion of resistance
 Q - a potion of magic {unknown}
 V - 2 potions of lignification
Miscellaneous
 o - a condenser vane (inert)


   Skills:
 + Level 12.1 Fighting
 + Level 17.1 Axes
 + Level 6.0 Throwing
 + Level 11.9 Armour
 + Level 7.1 Dodging
 + Level 2.0 Stealth
 + Level 5.4 Shields
 + Level 0.8 Unarmed Combat
 + Level 4.2 Evocations


You had 12 spell levels left.
You didn't know any spells.
Your spell library contained the following spells:

 Spells                   Type           Power      Damage    Failure   Level
 Magic Dart               Conj           0%         1d3       77%         1
 Shock                    Conj/Air       0%         1d3       77%         1
 Blink                    Tloc           0%         N/A       88%         2
 Searing Ray              Conj           0%         2d4       88%         2
 Frozen Ramparts          Ice            0%         1d1       98%         3
 Lesser Beckoning         Tloc           0%         N/A       98%         3
 Swiftness                Air            0%         N/A       98%         3
 Airstrike                Air            0%         2d(0-16)  100%        4
 Fulminant Prism          Conj/Hex       0%         3d6       100%        4
 Hailstorm                Conj/Ice       0%         3d3       100%        4
 Ice Form                 Ice/Tmut       0%         N/A       100%        4
 Summon Ice Beast         Ice/Summ       0%         N/A       100%        4
 Freezing Cloud           Conj/Ice/Air   0%         6-21      100%        5
 Manifold Assault         Tloc           0%         N/A       100%        5
 Simulacrum               Ice/Necr       0%         N/A       100%        6
 Polar Vortex             Ice            0%         N/A       100%        9


Dungeon Overview and Level Annotations

Branches:
Dungeon (9/15)             Temple (0/1) D:5            Lair (5/5) D:9
  Swamp (0/4) Lair:2        Slime (2/5) Lair:5
  Snake: Lair:2-3    Spider: Lair:2-3       Orc: D:9-12

Altars:
Ashenzari
Dithmenos
Fedhas
Hepliaklqana
Makhleb
Nemelex Xobeh
Okawaru
Ru
Sif Muna
Trog
Xom
Yredelemnul
The Shining One
Jiyva

Shops:
D:5 *!=:   D:6 [

Annotations:
Lair:1 exclusion: 2 oklob plants


Innate Abilities, Weirdness & Mutations

You have a pair of horns on your head.
You reflexively headbutt those who attack you in melee.
Your flesh is heat resistant. (rF+)
You occasionally shout uncontrollably at your foes.


Message History

The azure jelly completely misses you. You furiously retaliate!
You headbutt the azure jelly! The azure jelly completely misses you.
The azure jelly closely misses you. The azure jelly hits you.
Two slime creatures merge to form a very large slime creature.
The great orb of eyes gazes at you. You resist with significant effort.
The azure jelly attacks as you move away!
The azure jelly hits you but does no damage.
The azure jelly completely misses you. The azure jelly misses you.
The azure jelly hits you! You block the azure jelly's attack.
The azure jelly misses you. You block the azure jelly's attack.
The azure jelly completely misses you. The azure jelly hits you.
The azure jelly freezes you! You resist. The azure jelly completely misses you.
The azure jelly hits you.
The azure jelly hits you but does no damage.
The great orb of eyes gazes at you.
You are confused.
Two slime creatures merge to form an enormous slime creature.
There is a stone staircase leading up here.
The azure jelly hits you.
* * * LOW HITPOINT WARNING * * *
The azure jelly freezes you! You resist.
* * * LOW HITPOINT WARNING * * *
The azure jelly hits you but does no damage. x3
The azure jelly barely misses you. x2
The azure jelly hits you but does no damage. x2
An enormous slime creature splits.
The azure jelly completely misses you.
The azure jelly hits you but does no damage. x4
The azure jelly misses you.
The azure jelly hits you but does no damage.
The azure jelly hits you.
* * * LOW HITPOINT WARNING * * *
In your confused state, you trip and fall back down the stairs.
* * * LOW HITPOINT WARNING * * *
The azure jelly misses you. x2; The azure jelly hits you!
* * * LOW HITPOINT WARNING * * *
The azure jelly hits you but does no damage.
The great orb of eyes gazes at you.
You suddenly lose the ability to move!
The enormous slime creature hits you!!!
You die...

.........
.........
.........
##......#######
............#.###
................##
...#.........JJ..#
............JJ@.#
.............JG.#
.............J###
..............#
.......########
.....## .....
..... ....


You could see 2 azure jellies, a great orb of eyes, an enormous slime creature,
a very large slime creature and 2 large slime creatures.

Vanquished Creatures
  An acid blob (Slime:1)
  A quicksilver ooze (Slime:2)
  The ghost of Sialaxuo the Grappler, a journeyman TrWr of Ru (Lair:1)
  A boulder beetle (Lair:5)
  6 death yaks (Lair:4)
  Urug (Lair:2)
  8 elephants
  Maurice (D:8)
  Joseph (D:8)
  Maggie (D:6)
  6 cane toads
  A rime drake (Lair:2)
  An unseen horror (D:9)
  2 komodo dragons
  A tengu conjurer (D:7)
  A troll (D:9)
  Prince Ribbit (D:8)
  Grinder (D:5)
  3 blink frogs (Lair:5)
  7 slime creatures (Slime:2)
  6 dream sheep (Lair:5)
  A wyvern (Lair:2)
  Eustachio (D:5)
  A wraith (D:6)
  2 humans (D:9)
  29 yaks
  A steam dragon (D:7)
  4 water moccasins
  Duvessa (D:7)
  2 sky beasts
  2 orc warriors (D:9)
  2 ice beasts
  4 black bears
  11 wolves (Lair:1)
  2 ogres
  2 centaurs
  8 bullfrogs
  A gnoll sergeant (D:7)
  A necrophage (D:8)
  6 scorpions
  9 wights
  Dowan (D:7)
  9 killer bees
  3 electric eels (Lair:2)
  A howler monkey (D:7)
  A crimson imp (D:5)
  A hound (D:6)
  9 jellies
  A gnoll bouda (D:8)
  An orc priest (D:9)
  Natasha (thrice) (D:2)
  Terence (D:2)
  5 iguanas
  4 orc wizards
  7 adders
  9 gnolls
  A white imp (D:8)
  2 ufetubi
  2 worms
  3 dart slugs
  26 orcs
  8 ball pythons
  15 endoplasms
  2 giant cockroaches (D:1)
  10 goblins
  3 hobgoblins (D:2)
  10 jackals
  11 kobolds
  8 quokkas
  6 bats
  3 frilled lizards
  6 rats
  A butterfly (D:5)
315 creatures vanquished.

Vanquished Creatures (collateral kills)
  An acid blob (Slime:1)
  A two-headed ogre (D:8)
  A shining eye (Slime:1)
  3 golden eyes (Slime:1)
  A necrophage (D:8)
  A giant cockroach (D:4)
8 creatures vanquished.

Vanquished Creatures (others)
  A dream sheep (Lair:5)
  A yak (Lair:5)
  An orc (D:6)
  22 fungi
  28 plants
53 creatures vanquished.

Grand Total: 376 creatures vanquished

Notes
Turn   | Place    | Note
-------+----------+-------------------------------------------
     0 | D:1      | cls the Minotaur Berserker began the quest for the Orb.
     0 | D:1      | Reached XP level 1. HP: 19/19 MP: 0/0
   175 | D:1      | Reached skill level 4 in Axes
   175 | D:1      | Reached XP level 2. HP: 27/27 MP: 1/1
   893 | D:1      | Reached XP level 3. HP: 29/33 MP: 2/2
   896 | D:1      | Reached ** piety under Trog
  1016 | D:2      | Noticed Terence
  2160 | D:2      | Noticed Natasha
  2167 | D:2      | Killed Natasha
  2211 | D:2      | Killed Terence
  2212 | D:2      | Reached XP level 4. HP: 27/41 MP: 3/3
  2636 | D:2      | Noticed Natasha
  2645 | D:2      | Killed Natasha
  2646 | D:2      | Reached skill level 5 in Axes
  2652 | D:2      | Noticed Natasha
  2657 | D:2      | Killed Natasha
  2658 | D:2      | Reached XP level 5. HP: 13/47 MP: 4/4
  3556 | D:3      | Found a faded altar of an unknown god.
  4125 | D:4      | Noticed a black bear
  4141 | D:4      | Killed a black bear
  4142 | D:4      | Reached skill level 5 in Fighting
  4142 | D:4      | Reached XP level 6. HP: 56/56 MP: 5/5
  4180 | D:4      | Found a shimmering altar of Xom.
  4332 | D:4      | Reached skill level 6 in Axes
  4831 | D:5      | Entered Level 5 of the Dungeon
  4836 | D:5      | Reached skill level 5 in Armour
  4899 | D:5      | Found Fesut's General Store.
  4903 | D:5      | Reached XP level 7. HP: 61/61 MP: 6/6
  4928 | D:5      | Bought a scroll of identify for 28 gold pieces
  4928 | D:5      | Bought a scroll of teleportation for 42 gold pieces
  4985 | D:5      | Found Uklod's Distillery.
  4987 | D:5      | Found Wimui's Book Boutique.
  4989 | D:5      | Bought a potion of curing for 42 gold pieces
  5013 | D:5      | Reached skill level 7 in Axes
  5013 | D:5      | Found Bafi's Jewellery Boutique.
  5113 | D:5      | Found a staircase to the Ecumenical Temple.
  5116 | D:5      | Found a sparkling altar of Nemelex Xobeh.
  5186 | D:5      | Found a broken altar of Ashenzari.
  5208 | D:5      | Noticed Grinder
  5215 | D:5      | Killed Grinder
  5216 | D:5      | Reached skill level 8 in Axes
  5216 | D:5      | Reached skill level 1 in Throwing
  5321 | D:5      | Reached XP level 8. HP: 70/70 MP: 7/7
  5428 | D:5      | Found a burning altar of Makhleb.
  5497 | D:5      | Noticed Eustachio
  5506 | D:5      | Killed Eustachio
  5507 | D:5      | Reached skill level 9 in Axes
  5582 | D:5      | Identified the +4 spear of Joloss {pain, Will+ Str+3 Int+3
                  | Dex+2}
  5755 | D:6      | Found Tudaakh's Armour Emporium.
  5757 | D:6      | Noticed Maggie
  5783 | D:6      | Killed Maggie
  5784 | D:6      | Reached skill level 10 in Axes
  5944 | D:6      | Reached XP level 9. HP: 75/78 MP: 8/8
  6068 | D:6      | Reached skill level 1 in Evocations
  6302 | D:7      | Reached skill level 11 in Axes
  6303 | D:7      | Reached skill level 1 in Shields
  6487 | D:7      | Found a glowing golden altar of the Shining One.
  6544 | D:7      | Noticed a tengu conjurer
  6552 | D:7      | Killed a tengu conjurer
  6658 | D:7      | Noticed a komodo dragon
  6694 | D:7      | Killed a komodo dragon
  6874 | D:7      | Noticed Duvessa
  6880 | D:7      | Noticed Dowan
  6883 | D:7      | Killed Duvessa
  6884 | D:7      | Reached skill level 12 in Axes
  6898 | D:7      | Killed Dowan
  6899 | D:7      | Reached skill level 5 in Dodging
  6975 | D:7      | Found a basalt altar of Yredelemnul.
  6992 | D:7      | Found a sacrificial altar of Ru.
  7461 | D:8      | Noticed Joseph
  7475 | D:8      | Killed Joseph
  7476 | D:8      | Reached XP level 10. HP: 44/88 MP: 9/9
  7658 | D:8      | Found a shadowy altar of Dithmenos.
  7705 | D:8      | Noticed Prince Ribbit
  7709 | D:8      | Killed Prince Ribbit
  7828 | D:8      | Reached skill level 1 in Stealth
  7948 | D:8      | Found a hazy altar of Hepliaklqana.
  7996 | D:8      | Noticed Maurice
  8013 | D:8      | Killed Maurice
  8153 | D:8      | Noticed a two-headed ogre
  8164 | D:8      | Killed a two-headed ogre
  8272 | D:8      | Found a shimmering blue altar of Sif Muna.
  8403 | D:8      | Found the +14 obsidian axe {vorpal, Mesm Drain Fly SInv}
  8715 | D:8      | Found a blossoming altar of Fedhas.
  8824 | D:9      | Reached skill level 13 in Axes
  8883 | D:9      | Found a bloodstained altar of Trog.
  9391 | D:9      | Found a staircase to the Lair.
  9532 | D:9      | Reached XP level 11. HP: 81/97 MP: 10/10
  9898 | D:9      | Found an iron altar of Okawaru.
 10221 | Lair:1   | Entered Level 1 of the Lair of Beasts
 10338 | Lair:1   | Reached skill level 14 in Axes
 10656 | Lair:1   | Found a runed translucent door.
 10660 | Lair:1   | Noticed Sialaxuo's ghost (journeyman TrWr)
 10762 | Lair:1   | Noticed an oklob plant
 10819 | Lair:1   | Reached *** piety under Trog
 10948 | Lair:1   | Reached skill level 10 in Armour
 11070 | Lair:1   | Noticed an oklob plant
 11571 | Lair:1   | Killed Sialaxuo's ghost
 11572 | Lair:1   | Reached skill level 10 in Fighting
 11838 | Lair:2   | Reached skill level 15 in Axes
 12115 | Lair:2   | Identified the +6 war axe of Roups {vorpal, rF+ rC+ Dex+2
                  | SInv}
 12340 | Lair:2   | Noticed Urug
 12360 | Lair:2   | Killed Urug
 12361 | Lair:2   | Reached skill level 5 in Throwing
 12497 | Lair:2   | Found a staircase to the Swamp.
 12961 | Lair:3   | Noticed a five-headed hydra
 13315 | Lair:4   | Noticed a death yak
 13315 | Lair:4   | Noticed a death yak
 13317 | Lair:4   | Noticed a death yak
 13318 | Lair:4   | Noticed a death yak
 13320 | Lair:4   | Noticed a death yak
 13321 | Lair:4   | Noticed a death yak
 13327 | Lair:4   | Killed a death yak
 13328 | Lair:4   | Reached XP level 12. HP: 107/107 MP: 11/11
 13328 | Lair:4   | Killed a death yak
 13333 | Lair:4   | Killed a death yak
 13338 | Lair:4   | Killed a death yak
 13343 | Lair:4   | Killed a death yak
 13352 | Lair:4   | Killed a death yak
 13831 | Lair:5   | Entered Level 5 of the Lair of Beasts
 14068 | Lair:5   | Reached skill level 16 in Axes
 14737 | Lair:5   | Noticed a boulder beetle
 14758 | Lair:5   | Killed a boulder beetle
 14783 | Lair:5   | Found a runed translucent door.
 14962 | Lair:5   | Found a viscous altar of Jiyva.
 14965 | Lair:5   | Found a staircase to the Slime Pits.
 14978 | Slime:1  | Entered Level 1 of the Pits of Slime
 14978 | Slime:1  | Noticed an acid blob
 14987 | Slime:1  | Gained mutation: Your flesh is heat resistant. (rF+) [a
                  | shining eye]
 14990 | Slime:1  | Killed an acid blob
 14992 | Slime:1  | Reached XP level 13. HP: 41/117 MP: 12/12
 14994 | Slime:1  | Gained mutation: You occasionally shout uncontrollably at
                  | your foes. [a shining eye]
 15264 | Slime:1  | Noticed an acid blob
 15273 | Slime:1  | Killed an acid blob
 15274 | Slime:1  | Reached skill level 17 in Axes
 15274 | Slime:1  | Reached skill level 5 in Shields
 15568 | Slime:2  | Noticed a quicksilver ooze
 15573 | Slime:2  | Killed a quicksilver ooze
 15578 | Slime:2  | Noticed an azure jelly
 15585 | Slime:2  | Noticed an azure jelly
 15586 | Slime:2  | Noticed an azure jelly
 15593 | Slime:2  | Paralysed by a great orb of eyes for 2 turns
 15593 | Slime:2  | Annihilated by an enormous slime creature

Illustrated notes

Levels and vault maps discovered:
D:1:      matt_arrival_los_fun, layout_basic
D:2:      layout_loops_cross, uniq_natasha, uniq_terence
D:3:      layout_basic, hellmonk_ecumenical_altar_crossroads
D:4:      layout_basic, xom_teletrap_fun
D:5:      layout_loops_ring, makhleb_grotto_becter, mainiacjoe_overflow_catwalk,
          cheibrodos_ashenzari_chains, minmay_temple_entry_butterflies,
          serial_shops, nicolae_shop_statue_plus, nicolae_shop_trees,
          nicolae_shop_trees, shop, uniq_eustachio, uniq_grinder
D:6:      layout_rooms, serial_shops, nicolae_shop_crystal, uniq_maggie
D:7:      layout_loops_ring, general_overflow_altar, nicolae_overflow_squiral,
          minmay_three_doors, uniq_duvessa
D:8:      layout_gridville, marbit_many_paths, nicolae_hepliaklqana_hazy_memory,
          fedhas_altar_1, kennysheep_mini_moat, dreamdust_deal_with_the_devil,
          minmay_misc_feat_chi, uniq_prince_ribbit1, uniq_joseph, uniq_maurice
D:9:      layout_irregular_city, trog_butcher_becter, okawaru_humans,
          lair_entry_dummy
Lair:1:   lemuel_slime, layout_concentric_octagons,
          hellmonk_ghost_happy_afterlife, small_statue_intersection,
          minmay_lair_oklob_bushes
Lair:2:   layout_gridlike, swamp_mist_pool, serial_bayou_shore_a, uniq_urug
Lair:3:   onia_ninara_swampy_vault, layout_loops_ring,
          minmay_snake_entry_guardpost_small, gauntlet_entry_generic,
          minmay_lair_oklob_items, serial_bayou_lake_a
Lair:4:   layout_long_grid
Lair:5:   hellmonk_lair_end_abyssal_woods, layout_layer_cave, slime_entry_2,
          chequers_serial_rivers_room_b
Slime:1:  layout_caves
Slime:2:  layout_caves, nicolae_slime_welcoming_committee

Skill      XL: |  1  2  3  4  5  6  7  8  9 10 11 12 13 |
---------------+----------------------------------------+-----
Axes           | 4 5 6 8 10 12 13 15 16 17 | 17.1
Fighting       | 4 5 6 7 9 10 11 12 | 12.1
Armour         | 3 4 5 6 7 8 10 11 | 11.9
Dodging        | 3 4 5 6 7 |  7.1
Throwing       | 1 2 3 5 6 |  6.0
Evocations     | 2 3 4 |  4.2
Shields        | 2 3 4 5 |  5.4
Stealth        | 1 2 |  2.0
Unarmed Combat | |  0.8

Action                   |  1- 3 |  4- 6 |  7- 9 | 10-12 | 13-15 || total
-------------------------+-------+-------+-------+-------+-------++-------
Melee: Hand axe          |    69 |    98 |       |       |       ||   167
       Headbutt          |     8 |    15 |    26 |    79 |     9 ||   137
       War axe           |       |    36 |    60 |   114 |    26 ||   236
       Punch             |       |     1 |     1 |       |       ||     2
       Broad axe         |       |       |    83 |   230 |       ||   313
       Unarmed           |       |       |       |     5 |       ||     5
Throw: Stone             |     8 |       |       |     6 |       ||    14
       Boomerang         |       |     5 |     9 |    26 |       ||    40
       Dart              |       |       |       |    41 |       ||    41
Invok: Trog's Hand       |     1 |    12 |    11 |    29 |     3 ||    56
       Berserk           |       |     2 |     3 |     7 |     1 ||    13
Evoke: Wand              |       |       |    33 |    30 |       ||    63
       Condenser vane    |       |       |       |     2 |       ||     2
  Use: Scroll            |     5 |     6 |    14 |    13 |       ||    38
       Potion            |     3 |     6 |     4 |     5 |     3 ||    21
 Stab: Confused          |       |       |       |     1 |       ||     1
Armor: Animal skin       |     8 |       |       |       |       ||     8
       Chain mail        |    39 |       |       |       |       ||    39
       Scale mail        |       |    72 |    85 |    82 |    23 ||   262
Dodge: Dodged            |    35 |    70 |    83 |   209 |    50 ||   447
Block: Buckler           |       |       |    15 |    68 |    10 ||    93
